 Dungeon Crawl Stone Soup version 0.28-a0-1638-g9123634e07 (webtiles) character file.

Game seed: 17135961040061632251

70762 hashsling the Warrior (level 14, -4/141 HPs)
             Began as a Minotaur Berserker on Jan 25, 2022.
             Was a High Priest of Trog.
             Slain by a killer bee (7 damage)
             ... on level 4 of the Lair of Beasts.
             The game lasted 00:45:26 (25136 turns).

hashsling the Warrior (Minotaur Berserker)         Turns: 25136, Time: 00:45:26

Health: -4/141     AC: 21    Str: 38    XL:     14   Next: 95%
Magic:  13/13      EV: 13    Int:  8    God:    Trog [*****.]
Gold:   967        SH:  0    Dex:  6    Spells: 13/13 levels left

rFire   + . .      SeeInvis .   m - +6 executioner's axe (elec)
rCold   + + .      Faith    +   (shield currently unavailable)
rNeg    . . .      Spirit   .   i - +2 scale mail {rF+}
rPois   +          Reflect  .   n - +2 hat
rElec   .          Harm     .   h - scarf {rC+ rF+}
rCorr   .          Rampage  +   s - +2 pair of gloves
Will    +....                   e - +2 pair of boots {rampage}
Stlth   ..........              O - amulet of faith
HPRegen 0.33/turn               L - +6 ring of strength
MPRegen 0.13/turn               P - ring of Ket Jyck {Ice rPois Str+6 Int+4 Dex-5}

@: lethally poisoned (-4 -> -6), on berserk cooldown, slowed, studying
Crossbows, very slow
A: horns 2, retaliatory headbutt
a: Renounce Religion, Berserk, Trog's Hand, Brothers in Arms


You were on level 4 of the Lair of Beasts.
You worshipped Trog.
Trog was extremely pleased with you.
You visited 2 branches of the dungeon, and saw 19 of its levels.

You collected 1207 gold pieces.
You spent 240 gold pieces at shops.

Inventory:

Hand Weapons
 m - a +6 executioner's axe of electrocution (weapon)
 u - a +5 battleaxe of flaming
 D - the +6 war axe of Grontol {vorpal, rPois MP+9 Int+3}
   (You found it on level 3 of the Lair of Beasts)

   It inflicts extra damage upon your enemies.
   Int:       It affects your intelligence (+3).
   rPois:     It protects you from poison.
   MP:        It affects your magic capacity (+9).
 I - a +3 vampiric war axe
Armour
 e - a +2 pair of boots of rampaging (worn)
 h - a scarf of resistance (worn)
 i - a +2 scale mail of fire resistance (worn)
 n - a +2 hat (worn)
 r - a scarf of invisibility
 s - a +2 pair of gloves (worn)
Jewellery
 C - a ring of protection from cold
 J - a ring of willpower
 L - a +6 ring of strength (left hand)
 O - an amulet of faith (around neck)
 P - the ring of Ket Jyck (right hand) {Ice rPois Str+6 Int+4 Dex-5}
   (You took it off a spriggan on level 2 of the Lair of Beasts)

   [ring of ice]

   It enhances your ice magic.
   Str:       It affects your strength (+6).
   Int:       It affects your intelligence (+4).
   Dex:       It affects your dexterity (-5).
   rF:        It makes you vulnerable to fire.
   rC:        It protects you from cold.
   rPois:     It protects you from poison.
Wands
 x - a wand of digging (3)
 y - a wand of mindburst (5)
 K - a wand of iceblast (1)
Scrolls
 b - 4 scrolls of blinking
 c - 4 scrolls of noise
 j - 2 scrolls of fog
 l - a scroll of torment {unknown}
 o - 7 scrolls of magic mapping
 v - 2 scrolls of enchant armour
 w - 3 scrolls of silence
 B - 4 scrolls of summoning
 E - 9 scrolls of teleportation
 F - 2 scrolls of holy word
 G - 4 scrolls of immolation
 M - a scroll of acquirement {unknown}
Potions
 a - a potion of invisibility
 d - 6 potions of curing
 f - a potion of might {unknown}
 g - 5 potions of lignification
 k - a potion of mutation {unknown}
 p - 2 potions of resistance
 q - a potion of heal wounds {unknown}
 t - 4 potions of haste
 z - 7 potions of attraction
 A - 4 potions of ambrosia
 H - 2 potions of flight
 N - a potion of magic {unknown}


   Skills:
 * Level 17.7 Fighting
 * Level 17.6 Axes
 + Level 14.5 Armour
 + Level 13.5 Dodging


You had 13 spell levels left.
You didn't know any spells.
Your spell library was empty.

Dungeon Overview and Level Annotations

Branches:
Dungeon (15/15)            Temple (0/1) D:5            Lair (4/6) D:10
  Swamp (0/4) Lair:2       Spider (0/4) Lair:4          Orc (0/2) D:10
 Vaults (0/5) D:13         Depths (0/4) D:15

Altars:
Dithmenos
Fedhas
Hepliaklqana
Makhleb
Okawaru
Qazlal
Ru
Sif Muna
Wu Jian
Xom
Yredelemnul
Zin
The Shining One

Shops:
D:1 [   D:6 *   D:8 =

Portals:
Trove: D:11 (give 6 scrolls of fear)

Annotations:
D:3 3 runed translucent doors, lonewolfV2's ghost, amateur HuBe
D:6 1 runed translucent door, bronco's ghost, novice GnCK


Innate Abilities, Weirdness & Mutations

You have a pair of horns on your head.
You reflexively headbutt those who attack you in melee.


Message History

A killer bee comes into view.
The killer bee stings you.
* * * LOW HITPOINT WARNING * * *
The killer bee buzzes angrily.
You hear an angry buzzing noise.
You slash the killer bee!
You kill the killer bee!
Trog accepts your kill.
You slice the killer bee!!
You hear an angry buzzing noise.
The killer bee stings you but does no damage.
The killer bee closely misses you.
You chop the queen bee into pieces!!!
You kill the queen bee!
Trog accepts your kill.
You closely miss the killer bee.
You hear an angry buzzing noise. x2
The killer bee closely misses you. The killer bee stings you!
* * * LOW HITPOINT WARNING * * *
You are poisoned.
The killer bee poisons you!
You open the killer bee like a pillowcase!!!
You kill the killer bee!
Trog accepts your kill. Trog grants you a weapon!
Something appears at your feet!
You see here a +1 antimagic battleaxe.
You slice the killer bee!!
You kill the killer bee!
Trog accepts your kill.
You feel sick.
You rampage towards the killer bee!
You are no longer berserk.
You are exhausted.
You feel yourself slow down.
The killer bee stings you but does no damage.
A killer bee comes into view.
The killer bee stings you but does no damage.
You closely miss the killer bee.
You feel sick. The killer bee stings you!
* * * LOW HITPOINT WARNING * * *
The killer bee stings you!
You die...

. #. ## .# ..# .
.##..# ##.
..P.)#. ##...
##....... #..#.#
#y.......#
#....##@.......#
...>...)).......
#....#.)...[....
#...#.#........#
#.# ##.#.....$..
##...#.†.......#
........†.......P
.....####..#...##
....# ##....P##


You could see a killer bee.

Vanquished Creatures
  Kirke (D:13)
  2 vault guards (D:13)
  8 boulder beetles
  5 hydras
  4 ogre magi
  5 centaur warriors
  8 two-headed ogres
  A tengu warrior (D:14)
  A death yak (Lair:3)
  The ghost of noodleboyJ the Covert, a journeyman KoBr of Wu Jian (Lair:2)
  3 spriggans (Lair:2)
  2 bog bodies (Lair:2)
  A necromancer (D:15)
  A wizard (D:15)
  An orc sorcerer (D:15)
  3 manticores
  4 ugly things
  3 deep elf pyromancers
  10 cyclopes
  3 centaur zombies (D:10)
  3 black mambas (Lair:3)
  A gargoyle (D:11)
  Maggie (Lair:1)
  An unseen horror (D:9)
  8 cane toads
  2 kobold demonologists
  8 komodo dragons
  A freezing wraith (D:10)
  A tengu conjurer (D:14)
  3 rime drakes
  4 polar bears
  A queen bee (Lair:4)
  3 meliai (Lair:4)
  A wolf spider simulacrum (D:15)
  2 hornets
  5 trolls
  A harpy skeleton (D:15)
  13 slime creatures
  5 blink frogs (Lair:3)
  Prince Ribbit (D:6)
  A dream sheep (Lair:3)
  61 yaks
  3 wyverns
  3 basilisks
  A wraith (D:13)
  2 vampires
  9 humans (D:13)
  2 steam dragons
  11 vampire mosquitoes
  A swamp worm (shapeshifter) (D:13)
  Menkaure (D:4)
  Edmund (D:6)
  An acid dragon (D:12)
  2 swamp worms (Lair:2)
  7 water moccasins
  An ice beast (D:6)
  A black bear (D:4)
  7 orc warriors
  Duvessa (D:6)
  A meliai simulacrum (D:10)
  2 necrophages (D:6)
  A tengu (shapeshifter) (D:9)
  7 ogres
  16 wolves
  10 centaurs
  A gnoll sergeant (D:10)
  3 kobold brigands (D:10)
  4 bullfrogs
  11 scorpions
  A water moccasin skeleton (D:4)
  18 killer bees
  Dowan (D:6)
  8 wights (D:9)
  2 electric eels
  8 howler monkeys
  2 jellies
  3 orc priests
  2 bullfrog zombies (D:6)
  3 hounds
  4 centaur skeletons
  4 iguanas
  Ijyb (D:3)
  10 orc wizards
  7 hell rats (Lair:2)
  Robin (D:2)
  A howler monkey zombie (D:9)
  11 adders
  2 shadow imps
  2 ufetubi (D:4)
  An adder skeleton (D:4)
  5 worms
  3 dart slugs
  27 orcs
  5 endoplasms
  6 giant cockroaches
  14 goblins
  9 hobgoblins
  9 jackals
  4 ball pythons
  4 bats
  4 frilled lizards
  13 kobolds
  A rat (D:3)
500 creatures vanquished.

Vanquished Creatures (others)
  A human (D:13)
  4 hogs (D:13)
  An orc priest (D:9)
  An orc wizard (D:9)
  An orc (D:9)
  25 fungi
  27 plants
60 creatures vanquished.

Grand Total: 560 creatures vanquished

Notes
Turn   | Place    | Note
-------+----------+-------------------------------------------
     0 | D:1      | hashsling the Minotaur Berserker began the quest for the
                  | Orb.
     0 | D:1      | Reached XP level 1. HP: 19/19 MP: 0/0
   292 | D:1      | Found Misexao's Antique Armour Shop.
   521 | D:1      | Reached XP level 2. HP: 24/27 MP: 1/1
   614 | D:1      | Found a faded altar of an unknown god.
  1176 | D:1      | Reached XP level 3. HP: 33/33 MP: 2/2
  1282 | D:1      | You fall into a shaft and drop 1 floor!
  1326 | D:2      | Reached ** piety under Trog
  1686 | D:2      | Noticed Robin
  1692 | D:2      | Killed Robin
  1693 | D:2      | Reached XP level 4. HP: 41/41 MP: 3/3
  2176 | D:2      | Found a hazy altar of Hepliaklqana.
  2612 | D:3      | Reached XP level 5. HP: 47/47 MP: 4/4
  2833 | D:3      | Noticed Ijyb
  2859 | D:3      | Killed Ijyb
  3034 | D:3      | Found a runed translucent gate.
  3034 | D:3      | Found a runed translucent gate.
  3035 | D:3      | Found a runed translucent gate.
  3037 | D:3      | Noticed lonewolfV2's ghost (amateur HuBe)
  3154 | D:3      | Identified the +6 short sword of Plague {flame, Fly rElec
                  | Int+4}
  3340 | D:3      | Reached skill level 5 in Fighting
  3715 | D:4      | Noticed an ogre
  3719 | D:4      | Killed an ogre
  3720 | D:4      | Reached skill level 5 in Axes
  3720 | D:4      | Reached XP level 6. HP: 56/56 MP: 5/5
  4058 | D:4      | Reached *** piety under Trog
  4114 | D:4      | Reached XP level 7. HP: 45/62 MP: 6/6
  4117 | D:4      | Noticed Menkaure
  4125 | D:4      | Killed Menkaure
  4126 | D:4      | Reached skill level 5 in Armour
  4200 | D:4      | Found a stormy altar of Qazlal.
  4290 | D:4      | Found a shimmering blue altar of Sif Muna.
  4347 | D:4      | Reached skill level 5 in Dodging
  5126 | D:5      | Entered Level 5 of the Dungeon
  5412 | D:5      | Reached XP level 8. HP: 71/71 MP: 7/7
  5518 | D:5      | Found a staircase to the Ecumenical Temple.
  6111 | D:6      | Noticed Prince Ribbit
  6124 | D:6      | Killed Prince Ribbit
  6217 | D:6      | Noticed Duvessa
  6219 | D:6      | Noticed Dowan
  6224 | D:6      | Killed Duvessa
  6231 | D:6      | Killed Dowan
  6514 | D:6      | Found a runed translucent door.
  6580 | D:6      | Found a sacrificial altar of Ru.
  6580 | D:6      | Found a basalt altar of Yredelemnul.
  6581 | D:6      | Found a shimmering altar of Xom.
  6652 | D:6      | Found a glowing silver altar of Zin.
  6727 | D:6      | Noticed Edmund
  6738 | D:6      | Reached XP level 9. HP: 57/81 MP: 8/8
  6747 | D:6      | Killed Edmund
  7029 | D:6      | Found Xymu's Assorted Antiques.
  7183 | D:6      | Found a glowing golden altar of the Shining One.
  7385 | D:6      | Noticed bronco's ghost (novice GnCK)
  8303 | D:7      | Found an iron altar of Okawaru.
  8810 | D:8      | Found Roxaod's Jewellery Shop.
  9042 | D:8      | Reached XP level 10. HP: 91/91 MP: 9/9
  9374 | D:8      | Noticed a cyclops
  9374 | D:8      | Noticed a red ugly thing
  9387 | D:8      | Killed a red ugly thing
  9393 | D:8      | Killed a cyclops
  9896 | D:9      | Reached skill level 10 in Fighting
 10101 | D:9      | Reached skill level 10 in Axes
 10112 | D:9      | Reached **** piety under Trog
 10674 | D:9      | Reached skill level 10 in Armour
 11374 | D:9      | Noticed a manticore
 11377 | D:9      | Noticed a two-headed ogre
 11399 | D:9      | Killed a two-headed ogre
 11400 | D:9      | Reached XP level 11. HP: 101/101 MP: 10/10
 12158 | D:10     | Entered Level 10 of the Dungeon
 12184 | D:10     | Found a staircase to the Orcish Mines.
 12277 | D:10     | Reached skill level 10 in Dodging
 12526 | D:10     | Noticed a centaur warrior
 12534 | D:10     | Killed a centaur warrior
 13137 | D:10     | Noticed a purple ugly thing
 13143 | D:10     | Killed a purple ugly thing
 13257 | D:10     | Noticed a boulder beetle
 13258 | D:10     | Noticed a cyan ugly thing
 13265 | D:10     | Killed a cyan ugly thing
 13278 | D:10     | Killed a boulder beetle
 13436 | D:10     | Found an ornate altar of the Wu Jian Council.
 13516 | D:10     | Noticed an ogre mage
 13517 | D:10     | Noticed an ogre mage
 13522 | D:10     | Killed an ogre mage
 13528 | D:10     | Killed an ogre mage
 13545 | D:10     | Noticed an ogre mage
 13550 | D:10     | Killed an ogre mage
 13709 | D:10     | Reached XP level 12. HP: 105/113 MP: 11/11
 13957 | D:10     | Found a staircase to the Lair.
 14153 | D:8      | Bought a ring of poison resistance for 240 gold pieces
 14553 | D:11     | Noticed a two-headed ogre
 14558 | D:11     | Killed a two-headed ogre
 15349 | D:11     | Found a portal to a secret trove of treasure.
 15699 | D:12     | Noticed a boulder beetle
 15699 | D:12     | Noticed a boulder beetle
 15712 | D:12     | Killed a boulder beetle
 15715 | D:12     | Killed a boulder beetle
 16203 | D:12     | Noticed a two-headed ogre
 16210 | D:12     | Killed a two-headed ogre
 16286 | D:12     | Found a glowing silver altar of Zin.
 16650 | D:12     | Noticed a two-headed ogre
 16653 | D:12     | Killed a two-headed ogre
 16762 | D:12     | Reached ***** piety under Trog
 17046 | D:13     | Noticed a centaur warrior
 17057 | D:13     | Killed a centaur warrior
 17326 | D:13     | Noticed a centaur warrior
 17335 | D:13     | Killed a centaur warrior
 17511 | D:13     | Reached XP level 13. HP: 125/125 MP: 12/12
 17755 | D:13     | Noticed Kirke
 17757 | D:13     | Found a gate to the Vaults.
 17763 | D:13     | Killed Kirke
 18246 | D:14     | Reached skill level 15 in Fighting
 18425 | D:14     | Reached skill level 15 in Axes
 18871 | D:14     | Found a shadowy altar of Dithmenos.
 19307 | D:14     | Found a blossoming altar of Fedhas.
 19902 | D:15     | Entered Level 15 of the Dungeon
 20452 | D:15     | Found a burning altar of Makhleb.
 20888 | D:15     | Reached XP level 14. HP: 129/137 MP: 13/13
 20936 | D:15     | Found a staircase to the Depths.
 21570 | Lair:1   | Entered Level 1 of the Lair of Beasts
 21583 | Lair:1   | Received a gift from Trog
 22095 | Lair:1   | Noticed Maggie
 22098 | Lair:1   | Killed Maggie
 22549 | Lair:2   | Found a runed translucent door.
 22551 | Lair:2   | Noticed noodleboyJ's ghost (journeyman KoBr)
 22552 | Lair:2   | Identified the +9 trident "Plojy" {holy, rN+}
 23072 | Lair:2   | Found a staircase to the Swamp.
 23401 | Lair:2   | Identified the ring of Ket Jyck {Ice rPois Str+6 Int+4
                  | Dex-5}
 23427 | Lair:2   | Killed noodleboyJ's ghost
 23755 | Lair:3   | Received a gift from Trog
 24048 | Lair:3   | Identified the +6 war axe of Grontol {vorpal, rPois MP+9
                  | Int+3}
 25100 | Lair:4   | Found a hole to the Spider Nest.
 25134 | Lair:4   | Received a gift from Trog
 25136 | Lair:4   | HP: 3/141 [killer bee (7)]
 25136 | Lair:4   | Slain by a killer bee

Illustrated notes

Levels and vault maps discovered:
D:1:      minmay_arrival_wavy_path, layout_basic, serial_shops, shop_fountains,
          chequers_ecumenical_altar_lobes
D:2:      layout_rooms, basic_altar, uniq_robin
D:3:      layout_basic, gammafunk_ghost_necromancy, uniq_ijyb
D:4:      layout_basic, mainiacjoe_overflow_alcove_4,
          mainiacjoe_overflow_six_doors_small, st_stairs_6, minmay_quantized,
          uniq_menkaure
D:5:      layout_gridville, minmay_temple_entry_nine_rooms,
          amcnicky_mini_rare_corridor_liquid
D:6:      layout_layer_cave, mainiacjoe_overflow_chevrons,
          nicolae_overflow_quartered_altars, ebering_ghost_sewer_d,
          serial_shops, nicolae_shop_hallway_plus, uniq_prince_ribbit1,
          uniq_duvessa, uniq_edmund
D:7:      layout_basic, lemuel_tele_altar
D:8:      kennysheep_big_flooded_room, layout_basic, nicolae_stop_n_shop_1,
          dk_rats_in_the_wall
D:9:      lemuel_flame_loot_2, layout_basic, minmay_checkerbox
D:10:     nicolae_hexawheel, layout_irregular_city,
          mainiacjoe_overflow_tiny_flanked, grunt_lair_entry_orc_guard_hut,
          david_orc_2
D:11:     layout_layer_cave, trove_entry_hex_spiral
D:12:     layout_roguey, zin_treasury
D:13:     layout_cave_pods, ximxim_vaults_locker_room,
          kennysheep_generic_room_13, uniq_kirke
D:14:     layout_basic, nicolae_dithmenos_shadow_blocks, fedhas_altar_2
D:15:     grunt_enter_depths_magical_seal, layout_irregular_city, bloody_makhleb
Lair:1:   layout_gridlike, hangedman_lair_unloving_vines, uniq_maggie
Lair:2:   layout_loops_ring, nicolae_swamp_entry_splash_gauntlet,
          ebering_ghost_funeral_grove, chequers_serial_rivers_small_a
Lair:3:   layout_concentric_octagons, minmay_shattered_shrine
Lair:4:   layout_roguey [special_room_bee], nicolae_spider_entry_non_spiders,
          portal_ice_cave_rime

Skill      XL: |  1  2  3  4  5  6  7  8  9 10 11 12 13 14 |
---------------+-------------------------------------------+-----
Axes           | 4 5 6 7 9 10 12 14 16 17 | 17.6
Fighting       | 4 5 6 8 9 10 12 14 16 17 | 17.7
Dodging        | 3 4 5 6 8 9 10 11 12 13 | 13.5
Armour         | 3 4 5 7 8 10 11 12 13 14 | 14.5

Action                   |  1- 3 |  4- 6 |  7- 9 | 10-12 | 13-15 || total
-------------------------+-------+-------+-------+-------+-------++-------
Melee: Hand axe          |    71 |   149 |    78 |    15 |       ||   313
       Headbutt          |    16 |    22 |    32 |    79 |    98 ||   247
       Punch             |     1 |     2 |     1 |     1 |       ||     5
       War axe           |       |       |   139 |   147 |       ||   286
       Battleaxe         |       |       |       |   235 |   368 ||   603
       Executioner's axe |       |       |       |       |    92 ||    92
Invok: Berserk           |     1 |     1 |     5 |    10 |     4 ||    21
       Trog's Hand       |       |       |     2 |     2 |       ||     4
Evoke: Wand              |       |     2 |     1 |     1 |     1 ||     5
  Use: Scroll            |       |       |       |    14 |    16 ||    30
       Potion            |       |       |       |       |     1 ||     1
 Stab: Distracted        |       |       |       |       |     1 ||     1
Armor: Animal skin       |     2 |       |       |       |       ||     2
       Ring mail         |    14 |    49 |    96 |    73 |       ||   232
       Scale mail        |       |       |       |   115 |   196 ||   311
Dodge: Dodged            |    48 |    85 |   158 |   241 |   277 ||   809

Table legend: (Time is in decaauts)
 A = Elapsed time spent in this place.
 B = Non-inter-level travel time spent in this place.
 C = Inter-level travel time spent in this place.
 D = Time resting spent in this place.
 E = Time spent auto-exploring this place.
 F = Levels seen in this place.
 G = Mean time per level.
                   A        B        C        D        E       F      G
               +--------+--------+--------+--------+--------+-----+--------+
         Total |  25318 |  24391 |    927 |      0 |  21643 |  19 | 1332.5 |
       Dungeon |  21773 |  20908 |    865 |      0 |  18626 |  15 | 1451.5 |
          Lair |   3545 |   3484 |     61 |      0 |   3017 |   4 |  886.2 |
               +--------+--------+--------+--------+--------+-----+--------+

Top non-repeatable levels by time:
     D:9: 2492 daAuts
    D:10: 1805 daAuts
     D:6: 1748 daAuts
    D:14: 1714 daAuts
     D:1: 1592 daAuts
    D:15: 1569 daAuts
    D:11: 1518 daAuts
  Lair:3: 1465 daAuts
     D:3: 1452 daAuts
     D:4: 1426 daAuts
    D:13: 1341 daAuts
  Lair:2: 1255 daAuts
    D:12: 1233 daAuts
     D:7: 1117 daAuts
     D:8: 1080 daAuts
